 Dungeon Crawl Stone Soup version 0.28.0-45-g0d030f2227 (webtiles) character file.

Game seed: 14562432736204462182

16 Peloso the Covered (level 2, -1/27 HPs)
             Began as a Minotaur Fighter on Apr 10, 2022.
             Frozen to death by an endoplasm (5 damage)
             ... on level 1 of the Dungeon.
             The game lasted 00:01:02 (424 turns).

Peloso the Covered (Minotaur Fighter)                Turns: 424, Time: 00:01:03

Health: -1/27      AC:  7    Str: 20    XL:     2   Next: 41%
Magic:  1/1        EV:  9    Int:  5    God:
Gold:   35         SH:  4    Dex:  9    Spells: 1/1 levels left

rFire   . . .      SeeInvis .   a - +0 long sword
rCold   . . .      Faith    .   c - +0 buckler
rNeg    . . .      Spirit   .   b - +0 scale mail
rPois   .          Reflect  .   (helmet restricted)
rElec   .          Harm     .   (no cloak)
rCorr   .          Rampage  .   (no gloves)
Will    .....                   (no boots)
Stlth   ..........              (no amulet)
HPRegen 0.09/turn               (no ring)
MPRegen 0.07/turn               (no ring)

@: no status effects
A: horns 2, retaliatory headbutt
a: no special abilities


You were on level 1 of the Dungeon.
You visited 1 branch of the dungeon, and saw 1 of its levels.

You collected 49 gold pieces.
You spent 14 gold pieces at shops.

Inventory:

Hand Weapons
 a - a +0 long sword (weapon)
Armour
 b - a +0 scale mail (worn)
 c - a +0 buckler (worn)
Scrolls
 f - a scroll of magic mapping {unknown}
Potions
 d - a potion of might
 e - 2 potions of lignification {unknown}


   Skills:
 + Level 4.0 Fighting
 + Level 2.4 Long Blades
 + Level 4.0 Armour
 + Level 3.9 Shields


You had one spell level left.
You didn't know any spells.
Your spell library was empty.

Dungeon Overview and Level Annotations

Branches:
Dungeon (1/15)

Altars:

Shops:
D:1 *


Innate Abilities, Weirdness & Mutations

You have a pair of horns on your head.
You reflexively headbutt those who attack you in melee.


Message History

The endoplasm freezes you.
You are frozen.
The quokka bites you. The quokka completely misses you.
You miss the quokka.
The endoplasm hits you but does no damage.
The quokka bites you but does no damage.
The quokka closely misses you. You furiously retaliate!
You headbutt the quokka. The endoplasm freezes you.
You are frozen.
You hit the quokka.
The quokka is almost dead.
The quokka bites you but does no damage.
The quokka bites you.
The quokka bites you but does no damage.
You block the endoplasm's attack. The quokka closely misses you.
Unknown command.
You barely miss the quokka. Your headbutt misses the quokka.
The quokka is severely wounded.
The quokka closely misses you.
The quokka bites you but does no damage.
The endoplasm freezes you.
You are frozen.
* * * LOW HITPOINT WARNING * * *
The quokka bites you.
* * * LOW HITPOINT WARNING * * *
The quokka bites you but does no damage.
The endoplasm hits you but does no damage.
An endoplasm comes into view.
Found a scroll labelled KUOHEU KUEFED.
The endoplasm quivers.
The quokka closely misses you.
A frilled lizard comes into view.
The endoplasm hits you but does no damage.
You hit the endoplasm but do no damage.
You headbutt the endoplasm, but do no damage.
The quokka bites you but does no damage.
You block the endoplasm's attack. You block the quokka's attack.
The endoplasm freezes you.
You are frozen.
You die...

########## #........#
#........# #........
#........# #........
#...?....# #........
#...l....# #........
#........# #........
#....@...# #........
#...J.rr.# #........
#...###J####........
#.## #w............ #
#............. #.
#.............
###.#####...........##
....................####
.........#######..).##..


You could see a dart slug, 2 endoplasms, 2 quokkas and a frilled lizard.

Vanquished Creatures
  A ball python (D:1)
  3 giant cockroaches (D:1)
  A hobgoblin (D:1)
  3 jackals (D:1)
  A quokka (D:1)
  A bat (D:1)
  A frilled lizard (D:1)
  2 kobolds (D:1)
  A rat (D:1)
14 creatures vanquished.

Notes
Turn   | Place    | Note
-------+----------+-------------------------------------------
     0 | D:1      | Peloso the Minotaur Fighter began the quest for the Orb.
     0 | D:1      | Reached XP level 1. HP: 19/19 MP: 0/0
    83 | D:1      | Reached XP level 2. HP: 20/27 MP: 1/1
   237 | D:1      | Found Qohukig's General Store.
   265 | D:1      | Bought a potion of degeneration for 14 gold pieces
   391 | D:1      | Found a faded altar of an unknown god.
   424 | D:1      | Frozen to death by an endoplasm

Illustrated notes

Levels and vault maps discovered:
D:1:      minmay_arrival_stair_chambers, layout_basic, serial_shops,
          nicolae_shop_temple_entry_statues_fountains, basic_ecumenical_altar,
          minmay_misc_feat_columns

Skill      XL: |  1  2 |
---------------+-------+-----
Armour         | 4 |  4.0
Fighting       | 4 |  4.0
Long Blades    | |  2.4
Shields        | |  3.9

Action                   || total
-------------------------++-------
Melee: Long sword        ||    33
       Headbutt          ||     3
Armor: Scale mail        ||    30
Dodge: Dodged            ||    17
Block: Buckler           ||    11
